TOP OF THE 1ST |
Oregon Ducks batting - Pitching for Southern California Trojans : RHP Walt Dempsey
|
Pitching: RHP Walt Dempsey
|
|
Batting: LHB Bill Stephenson
|
0-0: Called Strike 0-1: Ball 1-1: SOLO HOME RUN (Flyball, 89XD), Distance : 377 ft
|
Batting: RHB Michael Heller
|
0-0: Called Strike 0-1: Ball 1-1: Ball 2-1: Foul Ball, location: 2F 2-2: Strikes out swinging
|
Batting: RHB Raúl González
|
0-0: Called Strike 0-1: Ball 1-1: Ball 2-1: Foul Ball, location: 2F 2-2: Ball 3-2: Foul Ball, location: 2F 3-2: Base on Balls
|
Batting: RHB William Ewing
|
0-0: Ball 1-0: Foul Ball, location: 2F 1-1: Ball Raúl González is caught stealing 2nd base 2-1: Fly out, F7 (Flyball, 7S)
|
Top of the 1st over - 1 run(s), 1 hit(s), 0 error(s), 0 left on base; Oregon 1 - Southern California 0 |
BOTTOM OF THE 1ST |
Southern California Trojans batting - Pitching for Oregon Ducks : RHP Ronnie Johnston
|
Pitching: RHP Ronnie Johnston
|
|
Batting: RHB José Hernández
|
0-0: Ball 1-0: DOUBLE (Flyball, 89M)
|
Batting: RHB Homer Griffin
|
0-0: Foul Ball, location: 2F 0-1: Fly out, F5 (Popup, 5S)
|
Batting: LHB Kel Smith
|
0-0: Foul Ball, location: 2F 0-1: Ball 1-1: Ball 2-1: Ball 3-1: Called Strike 3-2: Base on Balls
|
Batting: RHB Mike Carter
|
0-0: Ball 1-0: Called Strike 1-1: Ball 2-1: Ball 3-1: Called Strike 3-2: Base on Balls José Hernández to third Kel Smith to second
|
Batting: RHB Wade Martin
|
0-0: Called Strike 0-1: Ball 1-1: Swinging Strike 1-2: Ball 2-2: Foul Ball, location: 2F 2-2: SINGLE (Groundball, 34D) José Hernández scores Kel Smith to third Mike Carter to second
|
Batting: RHB Enrico Davis
|
0-0: Ball 1-0: Ball 2-0: Called Strike 2-1: Ball 3-1: Fly out, F7 (Line Drive, 7) Runner from 3rd tags up, SCORES, throw made
|
Batting: LHB Steve Herman
|
0-0: Called Strike 0-1: Fly out, F8 (Line Drive, 89M)
|
Bottom of the 1st over - 2 run(s), 2 hit(s), 0 error(s), 2 left on base; Oregon 1 - Southern California 2 |
TOP OF THE 2ND |
Oregon Ducks batting - Pitching for Southern California Trojans : RHP Walt Dempsey
|
Batting: RHB José Vega
|
0-0: Called Strike 0-1: Ball 1-1: Ball 2-1: Swinging Strike 2-2: Strikes out looking
|
Batting: LHB Peter Rodgers
|
0-0: Fly out, F6 (Line Drive, 56)
|
Batting: LHB Francisco Romo
|
0-0: Ball 1-0: Ball 2-0: Foul Ball, location: 2F 2-1: Foul Ball, location: 2F 2-2: Ball 3-2: Strikes out swinging
|
Top of the 2nd over - 0 run(s), 0 hit(s), 0 error(s), 0 left on base; Oregon 1 - Southern California 2 |
BOTTOM OF THE 2ND |
Southern California Trojans batting - Pitching for Oregon Ducks : RHP Ronnie Johnston
|
Batting: LHB Carl Hodge
|
0-0: Called Strike 0-1: Ball 1-1: Called Strike 1-2: Strikes out looking
|
Batting: RHB Ben Byrd
|
0-0: Swinging Strike 0-1: Ball 1-1: Swinging Strike 1-2: Strikes out swinging
|
Batting: RHB José Hernández
|
0-0: Ball 1-0: Ball 2-0: Ball 3-0: Called Strike 3-1: Fly out, F2 (Popup, 34S)
|
Bottom of the 2nd over - 0 run(s), 0 hit(s), 0 error(s), 0 left on base; Oregon 1 - Southern California 2 |
TOP OF THE 3RD |
Oregon Ducks batting - Pitching for Southern California Trojans : RHP Walt Dempsey
|
Batting: RHB Sean Smith
|
0-0: Ball 1-0: Ball 2-0: Called Strike 2-1: Ball 3-1: Base on Balls
|
Batting: RHB Jason Wheeler
|
0-0: Ball 1-0: Called Strike 1-1: Grounds into double play, 6-4-3 (Groundball, 6M)
|
Batting: LHB Bill Stephenson
|
0-0: Called Strike 0-1: Ball 1-1: Ball 2-1: Ground out 5-3 (Groundball, 56S)
|
Top of the 3rd over - 0 run(s), 0 hit(s), 0 error(s), 0 left on base; Oregon 1 - Southern California 2 |
BOTTOM OF THE 3RD |
Southern California Trojans batting - Pitching for Oregon Ducks : RHP Ronnie Johnston
|
Batting: RHB Homer Griffin
|
0-0: Ball 1-0: Called Strike 1-1: Ball 2-1: Ball 3-1: Called Strike 3-2: Strikes out looking
|
Batting: LHB Kel Smith
|
0-0: Called Strike 0-1: Called Strike 0-2: Foul Ball, location: 2F 0-2: SINGLE (Groundball, 3D)
|
Batting: RHB Mike Carter
|
0-0: Ball 1-0: Ball 2-0: SINGLE (Line Drive, 7LM) Kel Smith to second
|
Batting: RHB Wade Martin
|
0-0: Ball 1-0: Ball Kel Smith steals 3rd base Mike Carter to second 2-0: Foul Ball, location: 2F 2-1: Ground out 6-3 (Groundball, 56) Kel Smith scores
|
Batting: RHB Enrico Davis
|
0-0: Ball 1-0: Ball 2-0: Foul Ball, location: 2F 2-1: Ball 3-1: Base on Balls
|
Batting: LHB Steve Herman
|
0-0: Ball 1-0: Called Strike 1-1: Fly out, F7 (Flyball, 7)
|
Bottom of the 3rd over - 1 run(s), 2 hit(s), 0 error(s), 2 left on base; Oregon 1 - Southern California 3 |
TOP OF THE 4TH |
Oregon Ducks batting - Pitching for Southern California Trojans : RHP Walt Dempsey
|
Batting: RHB Michael Heller
|
0-0: Fly out, F8 (Flyball, 8LM)
|
Batting: RHB Raúl González
|
0-0: Ball 1-0: Called Strike 1-1: Ball 2-1: Ball 3-1: Foul Ball, location: 2F 3-2: Ground out 5-3 (Groundball, 56S)
|
Batting: RHB William Ewing
|
0-0: Ball 1-0: Foul Ball, location: 2F 1-1: Swinging Strike 1-2: Ball 2-2: SOLO HOME RUN (Line Drive, 7D), Distance : 354 ft
|
Batting: RHB José Vega
|
0-0: Ground out 6-3 (Groundball, 6)
|
Top of the 4th over - 1 run(s), 1 hit(s), 0 error(s), 0 left on base; Oregon 2 - Southern California 3 |
BOTTOM OF THE 4TH |
Southern California Trojans batting - Pitching for Oregon Ducks : RHP Ronnie Johnston
|
Batting: LHB Carl Hodge
|
0-0: Ground out 4-3 (Groundball, 4)
|
Batting: RHB Ben Byrd
|
0-0: Ball 1-0: Ball 2-0: Fly out, F4 (Line Drive, 4M)
|
Batting: RHB José Hernández
|
0-0: Ground out 5-3 (Groundball, 56S)
|
Bottom of the 4th over - 0 run(s), 0 hit(s), 0 error(s), 0 left on base; Oregon 2 - Southern California 3 |
TOP OF THE 5TH |
Oregon Ducks batting - Pitching for Southern California Trojans : RHP Walt Dempsey
|
Batting: LHB Peter Rodgers
|
0-0: Called Strike 0-1: Ball 1-1: Ground out 4-3 (Groundball, 4D)
|
Batting: LHB Francisco Romo
|
0-0: Foul Ball, location: 2F 0-1: Ball 1-1: Fly out, F8 (Flyball, 8RM)
|
Batting: RHB Sean Smith
|
0-0: Ball 1-0: Fly out, F4 (Popup, 4)
|
Top of the 5th over - 0 run(s), 0 hit(s), 0 error(s), 0 left on base; Oregon 2 - Southern California 3 |
BOTTOM OF THE 5TH |
Southern California Trojans batting - Pitching for Oregon Ducks : RHP Ronnie Johnston
|
Batting: RHB Homer Griffin
|
0-0: Ground out 6-3 (Groundball, 6)
|
Batting: LHB Kel Smith
|
0-0: Ball 1-0: Called Strike 1-1: Foul Ball, location: 2F 1-2: SINGLE (Line Drive, 34D)
|
Batting: RHB Mike Carter
|
0-0: Called Strike 0-1: Foul Ball, location: 2F 0-2: Fielders Choice at 2nd, 6-4 (Groundball, 6)
|
Pitching: RHP Ramón Freitas
|
|
Batting: RHB Wade Martin
|
0-0: Ball 1-0: Foul Ball, location: 2F 1-1: DOUBLE (Line Drive, 8LD) Mike Carter to third
|
Batting: RHB Enrico Davis
|
0-0: Ground out 6-3 (Groundball, 6)
|
Bottom of the 5th over - 0 run(s), 2 hit(s), 0 error(s), 2 left on base; Oregon 2 - Southern California 3 |
TOP OF THE 6TH |
Oregon Ducks batting - Pitching for Southern California Trojans : RHP Walt Dempsey
|
Batting: RHB Jason Wheeler
|
0-0: Ball 1-0: Ball 2-0: Ball 3-0: Called Strike 3-1: Base on Balls
|
Batting: LHB Bill Stephenson
|
0-0: Grounds into double play, 4-6-3 (Groundball, 4)
|
Batting: RHB Michael Heller
|
0-0: Ball 1-0: Ground out 6-3 (Groundball, 6)
|
Top of the 6th over - 0 run(s), 0 hit(s), 0 error(s), 0 left on base; Oregon 2 - Southern California 3 |
BOTTOM OF THE 6TH |
Southern California Trojans batting - Pitching for Oregon Ducks : RHP Ramón Freitas
|
Batting: LHB Steve Herman
|
0-0: Ball 1-0: Foul Ball, location: 2F 1-1: Swinging Strike 1-2: Foul Ball, location: 2F 1-2: Strikes out swinging
|
Batting: LHB Carl Hodge
|
0-0: Called Strike 0-1: Swinging Strike 0-2: Ball 1-2: Ball 2-2: SINGLE (Groundball, 4MD)
|
Batting: RHB Ben Byrd
|
0-0: Ball 1-0: Ball 2-0: Foul Ball, location: 2F 2-1: Ball 3-1: Fly out, F9 (Flyball, 9LMF)
|
Batting: RHB José Hernández
|
0-0: Swinging Strike 0-1: Ball 1-1: Ball 2-1: Foul Ball, location: 2F 2-2: SINGLE (Line Drive, 3S) Carl Hodge to second Runner from 2nd tries for 3rd, SAFE, throw made to third
|
Batting: RHB Homer Griffin
|
0-0: Ball 1-0: Ball 2-0: Called Strike 2-1: Fly out, F9 (Flyball, 9S)
|
Bottom of the 6th over - 0 run(s), 2 hit(s), 0 error(s), 2 left on base; Oregon 2 - Southern California 3 |
TOP OF THE 7TH |
Oregon Ducks batting - Pitching for Southern California Trojans : RHP Walt Dempsey
|
Batting: RHB Raúl González
|
0-0: SINGLE (Line Drive, 7S)
|
Pinch Hitting: RHB Jerry Harris
|
0-0: Ball 1-0: SINGLE (Line Drive, 78S) Raúl González to second
|
Batting: RHB José Vega
|
0-0: Called Strike 0-1: Called Strike Raúl González steals 3rd base Jerry Harris to second 0-2: Ground out 6-3 (Groundball, 6)
|
Batting: LHB Peter Rodgers
|
0-0: Ground out 6-3 (Groundball, 6)
|
Batting: LHB Francisco Romo
|
0-0: Fly out, F4 (Line Drive, 4)
|
Top of the 7th over - 0 run(s), 2 hit(s), 0 error(s), 2 left on base; Oregon 2 - Southern California 3 |
BOTTOM OF THE 7TH |
Southern California Trojans batting - Pitching for Oregon Ducks : RHP Ramón Freitas
|
Now in LF: Jerry Harris
|
|
Batting: LHB Kel Smith
|
0-0: Ball 1-0: Swinging Strike 1-1: Foul Ball, location: 2F 1-2: Strikes out swinging
|
Batting: RHB Mike Carter
|
0-0: Foul Ball, location: 2F 0-1: Foul Ball, location: 2F 0-2: Strikes out swinging
|
Batting: RHB Wade Martin
|
0-0: Ball 1-0: Ball 2-0: Ball 3-0: Called Strike 3-1: Fly out, F8 (Flyball, 8LM)
|
Bottom of the 7th over - 0 run(s), 0 hit(s), 0 error(s), 0 left on base; Oregon 2 - Southern California 3 |
TOP OF THE 8TH |
Oregon Ducks batting - Pitching for Southern California Trojans : RHP Walt Dempsey
|
Pitching: RHP Hunter Bailey
|
|
Batting: RHB Sean Smith
|
0-0: Ball 1-0: Ball 2-0: Foul Ball, location: 2F 2-1: Foul Ball, location: 2F 2-2: SINGLE (Line Drive, 78S)
|
Pinch Hitting: RHB Ben Donnelly
|
0-0: Swinging Strike 0-1: Swinging Strike 0-2: Ball 1-2: Ball 2-2: Strikes out swinging
|
Pitching: LHP Gary Dunlap
|
|
Batting: LHB Bill Stephenson
|
0-0: Ball 1-0: Swinging Strike 1-1: Swinging Strike 1-2: Strikes out swinging
|
Pitching: RHP William Spencer
|
|
Batting: RHB Michael Heller
|
0-0: Called Strike 0-1: Called Strike 0-2: Ball 1-2: Foul Ball, location: 2F 1-2: Foul Ball, location: 2F 1-2: Strikes out swinging
|
Top of the 8th over - 0 run(s), 1 hit(s), 0 error(s), 1 left on base; Oregon 2 - Southern California 3 |
BOTTOM OF THE 8TH |
Southern California Trojans batting - Pitching for Oregon Ducks : RHP Ramón Freitas
|
Pitching: RHP Vincente Ferreira
|
|
Now at 1B: Ben Donnelly
|
|
Batting: RHB Enrico Davis
|
0-0: Ball 1-0: Called Strike 1-1: Ball 2-1: Fly out, F8 (Flyball, 78M)
|
Batting: LHB Steve Herman
|
0-0: Fly out, F8 (Flyball, 8LM)
|
Batting: LHB Carl Hodge
|
0-0: Ground out 3-1 (Groundball, 3D)
|
Bottom of the 8th over - 0 run(s), 0 hit(s), 0 error(s), 0 left on base; Oregon 2 - Southern California 3 |
TOP OF THE 9TH |
Oregon Ducks batting - Pitching for Southern California Trojans : RHP William Spencer
|
Pitching: RHP Bob Patterson
|
|
Now at 1B: Eddy Davenport
|
|
Batting: RHB Raúl González
|
0-0: Foul Ball, location: 2F 0-1: Foul Ball, location: 2F 0-2: Ground out 4-3 (Groundball, 4)
|
Batting: RHB Jerry Harris
|
0-0: Ball 1-0: Ground out 6-3 (Groundball, 6)
|
Batting: RHB José Vega
|
0-0: SINGLE (Groundball, 6MD)
|
Batting: LHB Peter Rodgers
|
0-0: Ball 1-0: Called Strike 1-1: Called Strike 1-2: Ball 2-2: Strikes out looking
|
Top of the 9th over - 0 run(s), 1 hit(s), 0 error(s), 1 left on base; Oregon 2 - Southern California 3 |
|